 Dungeon Crawl Stone Soup version 0.22.0 (webtiles) character file.

378771 CyclopB the Severer (level 23, -4/178 HPs)
             Began as a Formicid Fighter on Dec 26, 2018.
             Was the Champion of Qazlal.
             Killed by divine providence
             ... invoked by a balrug
              (9 damage)
             ... in a wizard's laboratory on Dec 28, 2018.
             The game lasted 10:55:22 (48962 turns).

CyclopB the Severer (Formicid Fighter)             Turns: 48962, Time: 10:55:23

Health: -4/178     AC: 26    Str: 28    XL:     23   Next: 91%
Magic:  36/36      EV: 21    Int: 12    God:    Qazlal [******]
Gold:   2437       SH: 33    Dex: 15    Spells: 22/22 levels left

rFire    + + .     SeeInvis +   Z - +4 battleaxe (holy)
rCold    + + +     Gourm    .   g - +3 large shield {reflect}
rNeg     + . .     Faith    +   y - +5 chain mail "Viuremel" {rPois rC+ rN+ MR-}
rPois    +         Spirit   .   (helmet unavailable)
rElec    .         Reflect  +   W - +0 cloak {rPois}
rCorr    .         Harm     .   P - +2 pair of gloves of Jout {rF- MR+ Int+3 Stlth+}
MR       +++..                  k - +0 pair of boots
Stlth    ..........             B - amulet of faith
HPRegen  0.39/turn              F - ring "Inuriox" {*Drain rF+++ rC+++ MR- Dex+2}
MPRegen  0.25/turn              T - ring of the Mage {Wiz MR++ Int+3}

@: studying Axes, repel missiles
A: permanent stasis, dig shafts and tunnels, four strong arms, antennae 3,
repulsion field 1, dopey 1
}: 2/15 runes: barnacled, gossamer
a: Dig, Shaft Self, Upheaval, Elemental Force, Disaster Area, Renounce Religion


You were in a wizard's laboratory.
You worshipped Qazlal.
Qazlal was exalted by your worship.
You were not hungry.

You visited 9 branches of the dungeon, and saw 39 of its levels.
You visited 1 bazaar.
You also visited: Ossuary, Ice Cave and Wizlab.

You collected 4666 gold pieces.
You spent 2229 gold pieces at shops.

Inventory:

Hand Weapons
 b - a +2 battleaxe of freezing
 e - a +4 eveningstar of draining
 Z - a +4 battleaxe of holy wrath (weapon)
Missiles
 i - 69 tomahawks (quivered)
 v - 15 poisoned tomahawks
 w - 6 throwing nets
 G - 4 javelins of penetration
 I - 38 javelins
Armour
 g - a +3 large shield of reflection (worn)
 k - a +0 pair of boots (worn)
 y - the +5 chain mail "Viuremel" (worn) {rPois rC+ rN+ MR-}
   (You found it on level 3 of the Lair of Beasts)

   It protects you from cold.
   It protects you from poison.
   It protects you from negative energy.
   It affects your resistance to hostile enchantments.
 P - the +2 pair of gloves of Jout (worn) {rF- MR+ Int+3 Stlth+}
   (You acquired it on level 4 of the Lair of Beasts)

   It affects your intelligence (+3).
   It makes you vulnerable to fire.
   It affects your resistance to hostile enchantments.
   It makes you more stealthy.
 W - a +0 cloak of poison resistance (worn)
Jewellery
 B - an amulet of faith (around neck)
 F - the ring "Inuriox" (left hand) {*Drain rF+++ rC+++ MR- Dex+2}
   (You bought it in a shop on level 2 of the Orcish Mines)

   [ring of dexterity]

   It affects your dexterity (+2).
   It renders you almost immune to fire.
   It renders you almost immune to cold.
   It affects your resistance to hostile enchantments.
   It causes draining when unequipped.
 T - the ring of the Mage (right hand) {Wiz MR++ Int+3}
   (You bought it in a shop on level 2 of the Orcish Mines)

   [ring of wizardry]

   It improves your spell success rate.
   It affects your intelligence (+3).
   It affects your resistance to hostile enchantments.
Wands
 a - a wand of digging (14)
 c - a wand of acid (12)
 D - a wand of enslavement (17)
 H - a wand of flame (38)
 K - a wand of disintegration (25)
 V - a wand of iceblast (56)
Scrolls
 j - 4 scrolls of enchant weapon
 l - a scroll of silence
 o - 4 scrolls of fog
 r - 21 scrolls of remove curse
 s - 3 scrolls of holy word
 t - 4 scrolls of magic mapping
 A - 2 scrolls of torment
 C - 10 scrolls of immolation
 J - 5 scrolls of fear
 M - 2 scrolls of amnesia
 N - 11 scrolls of identify
Potions
 d - 6 potions of might
 h - 7 potions of lignification
 m - a potion of resistance
 n - 15 potions of curing
 q - 2 potions of agility
 u - 4 potions of brilliance
 z - 8 potions of flight
 U - 2 potions of cancellation
 X - a potion of ambrosia
Books
 E - a manual of Axes
Miscellaneous
 Q - a lamp of fire
 Y - a lightning rod (4/4)
Comestibles
 f - 63 rations


   Skills:
 - Level 14.0 Fighting
 - Level 20.3 Axes
   Level 1.0(6.9) Slings
 - Level 9.9(10.0) Throwing
 - Level 17.0 Armour
 - Level 16.0 Dodging
 + Level 16.8 Shields
 + Level 19.2 Invocations
 - Level 4.0 Evocations


You had 22 spell levels left.
You didn't know any spells.
Your spell library contained the following spells:

 Spells                   Type           Power        Failure   Level  Hunger
 Cause Fear               Hex            #.........   98%         4    #####..
 Magic Dart               Conj           #...         38%         1    ##.....
 Apportation              Tloc           #.....       38%         1    ##.....
 Conjure Flame            Conj/Fire      #.......     75%         3    ####...
 Bolt of Cold             Conj/Ice       #.........   100%        6    #######
 Lightning Bolt           Conj/Air       #.........   100%        5    ######.
 Slow                     Hex            #.......     52%         2    ###....
 Throw Frost              Conj/Ice       #.....       52%         2    ###....
 Mephitic Cloud           Conj/Pois/Air  #.......     75%         3    ####...
 Summon Small Mammal      Summ           #...         38%         1    ##.....
 Bolt of Draining         Conj/Necr      #.........   100%        5    ######.
 Blink                    Tloc           N/A          52%         2    ###....
 Iskenderun's Mystic Bla  Conj           #.......     98%         4    #####..
 Animate Skeleton         Necr           N/A          38%         1    ##.....
 Ozocubu's Refrigeration  Ice            #.........   100%        6    #######
 Summon Ice Beast         Ice/Summ       #.......     98%         4    #####..
 Call Imp                 Summ           #.......     52%         2    ###....
 Dispel Undead            Necr           #.......     100%        5    ######.
 Regeneration             Chrm/Necr      #.........   75%         3    ####...
 Sublimation of Blood     Necr           #.........   52%         2    ###....
 Corpse Rot               Necr           N/A          52%         2    ###....
 Stone Arrow              Conj/Erth      #.....       75%         3    ####...
 Recall                   Summ/Tloc      N/A          75%         3    ####...
 Agony                    Necr           #.......     100%        5    ######.
 Deflect Missiles         Chrm/Air       #.........   100%        6    #######
 Confusing Touch          Hex            #.....       38%         1    ##.....
 Passwall                 Tmut/Erth      #.......     52%         2    ###....
 Call Canine Familiar     Summ           #.......     75%         3    ####...
 Summon Butterflies       Summ           #.......     38%         1    ##.....
 Silence                  Hex/Air        #.........   100%        5    ######.
 Shatter                  Erth           #.........   100%        9    #######
 Static Discharge         Conj/Air       #.......     75%         3    ####...
 Corona                   Hex            #......      38%         1    ##.....
 Lee's Rapid Deconstruct  Erth           #.........   100%        5    ######.
 Sandblast                Erth           #.....       38%         1    ##.....
 Conjure Ball Lightning   Conj/Air       #.........   100%        6    #######
 Excruciating Wounds      Chrm/Necr      #.........   100%        5    ######.
 Portal Projectile        Hex/Tloc       #.....       75%         3    ####...
 Petrify                  Tmut/Erth      #.......     98%         4    #####..
 Tornado                  Air            #.........   100%        9    #######
 Leda's Liquefaction      Hex/Erth       #.........   98%         4    #####..
 Summon Hydra             Summ           #.........   100%        7    #######
 Shroud of Golubria       Chrm/Tloc      #.........   52%         2    ###....
 Inner Flame              Hex/Fire       #.......     75%         3    ####...
 Fulminant Prism          Conj/Hex       #.........   98%         4    #####..
 Dazzling Spray           Conj/Hex       #.....       75%         3    ####...
 Force Lance              Conj/Tloc      #.......     98%         4    #####..
 Infusion                 Chrm           #...         38%         1    ##.....
 Song of Slaying          Chrm           #.......     52%         2    ###....
 Spectral Weapon          Hex/Chrm       #.......     75%         3    ####...
 Searing Ray              Conj           #.....       52%         2    ###....
 Summon Forest            Summ/Tloc      #.........   100%        5    ######.
 Summon Lightning Spire   Summ/Air       #.......     98%         4    #####..
 Summon Guardian Golem    Hex/Summ       #.......     75%         3    ####...
 Summon Mana Viper        Hex/Summ       #.......     100%        5    ######.
 Hydra Form               Tmut           #.........   100%        6    #######
 Ignition                 Fire           #.........   100%        8    #######
 Borgnjor's Vile Clutch   Necr/Erth      #.........   100%        5    ######.


Dungeon Overview and Level Annotations

Branches:
Dungeon (15/15)            Temple (1/1) D:5            Lair (6/6) D:8
 Shoals (4/4) Lair:3       Spider (4/4) Lair:4        Slime (0/5) Lair:5
    Orc (2/2) D:12            Elf (3/3) Orc:2        Vaults (3/5) D:13
  Crypt (0/3) Vaults:2     Depths (1/5) D:15

Altars:
Ashenzari
Cheibriados
Dithmenos
Elyvilon
Fedhas
Gozag
Hepliaklqana
Kikubaaqudgha
Makhleb
Nemelex Xobeh
Okawaru
Qazlal
Ru
Sif Muna
Trog
Uskayaw
Vehumet
Wu Jian
Xom
Yredelemnul
Zin
The Shining One
Beogh
Jiyva

Shops:
Orc:2 ([=}   Elf:1 =}=   Elf:3 [*   Vaults:1 *   Depths:1 ?(:%

Annotations:
D:4 2 runed doors, dragonknight44's ghost, novice GrFi
D:12 exclusion: oklob plant
D:15 exclusion: Roxanne, Roxanne
Lair:3 exclusion: 2 oklob plants
Vaults:3 Mara


Innate Abilities, Weirdness & Mutations

You cannot be hasted, slowed, berserked, paralysed or teleported.
You can dig through walls and to a lower floor.
Your four strong arms can wield two-handed weapons with a shield.
You have a pair of large antennae on your head. (SInv)
You are surrounded by a mild repulsion field. (EV +2)
You are dopey. (Int -2)


Message History

Here: a Hell Sentinel The rough-hewn floor.
You hear an angry growl.
You hear a roar!
A shadow demon comes into view.
The Hell Sentinel gestures at you.
The sphere of damnation explodes!
The damnation engulfs you!
The tormentor calls on the powers of darkness!
Your body is wracked with pain!
* * * LOW HITPOINT WARNING * * *
A balrug comes into view. It is wielding a demon whip.
You feel much better. The balrug gestures at you. Something smites you!
A chaos spawn comes into view.
A lorocyproca comes into view.
The Hell Sentinel gestures at you.
The sphere of damnation explodes!
The damnation engulfs you!
* * * LOW HITPOINT WARNING * * *
The shadow demon gestures.
The balrug gestures at you. Something smites you!
You die...

#..............|..§...........###
#........2.§.§.........4......#{#
#...###.....§2...........###..###
....#{#...[.....1..}.....#{#.....
....###..................###.....
#........2....§......§..§........
#....###........§...3.2.§#.......
#....#.#.......§2§§.§3..§#..###..
.....##........§@..4....§#..#{#..
...............§§.§.........###..
..................§..............
.................................
###############.#################
#...........# #...........#
#......#....# #..∩.+∩'.∩..#


You could see a Hell Sentinel, a lorocyproca (invisible), 2 balrugs, a soul
eater, a shadow demon, a tormentor, a neqoxec and 2 chaos spawn.

Vanquished Creatures
  Arachne (Spider:4)
  A lich (Vaults:1)
  An Ice Fiend (IceCv)
  Rupert (Lair:4)
  3 deep elf blademasters
  A deep elf master archer (Elf:3)
  2 krakens
  Frances (D:13)
  Kirke (D:12)
  Ilsuiw (Shoals:2)
  2 deep elf sorcerers
  A cacodemon (WizLab)
  Louise (Shoals:2)
  2 frost giants
  An orc warlord (Orc:2)
  5 vault wardens
  11 ghost moths
  10 deep elf elementalists (Elf:3)
  5 emperor scorpions
  9 ironheart preservers
  7 entropy weavers
  2 stone giants
  14 very ugly things
  5 deep elf annihilators (Elf:3)
  3 deep elf demonologists (Elf:3)
  6 spark wasps
  3 merfolk javelineers
  5 deep elf death magi
  3 fire dragons
  An ettin (Vaults:1)
  10 merfolk impalers
  6 yaktaur captains
  4 deep elf high priests
  2 rakshasas (Depths:1)
  4 great orbs of eyes
  5 vault guards
  7 hydras
  3 tengu warriors (Depths:1)
  A death knight (Vaults:1)
  3 ice dragons
  3 alligator snapping turtles
  2 satyrs
  Erica (D:8)
  24 two-headed ogres
  6 centaur warriors
  2 merfolk avatars
  30 dancing weapons
  2 deep troll shamans (Vaults:1)
  3 merfolk aquamancers
  10 ogre magi
  4 orc high priests
  A deep troll earth mage (D:14)
  Urug (Lair:3)
  Sonja (Lair:3)
  Nergalle (D:11)
  19 deep elf knights
  20 sea snakes
  A fire crab (shapeshifter) (D:15)
  A skeletal warrior (Vaults:1)
  3 unseen horrors
  A glowing orange brain (Depths:1)
  14 deep trolls
  2 large abominations (Elf:3)
  3 wizards
  Pikel (D:5)
  19 harpies
  9 orc knights
  A lindwurm (Lair:6)
  49 wolf spiders
  11 ironbrand convokers
  69 deep elf magi
  10 deep elf archers
  6 cyclopes
  19 orb spiders
  25 ugly things
  4 orc sorcerers
  14 manticores
  15 fauns
  5 elephants (Lair:6)
  4 moths of wrath
  11 merfolk sirens
  7 black mambas
  4 water nymphs
  An elephant (shapeshifter) (Elf:3)
  4 ice statues (IceCv)
  4 torpor snails
  Psyche (D:10)
  2 smoke demons (WizLab)
  8 vault sentinels
  12 spiny frogs
  A molten gargoyle (Lair:6)
  4 centaur skeletons
  4 gargoyles
  28 yaktaurs
  2 anaconda simulacra (IceCv)
  7 freezing wraiths
  17 demonic crawlers
  A tormentor (WizLab)
  11 komodo dragons
  14 ice devils
  3 meliai (Spider:4)
  26 merfolk
  7 trolls
  26 jumping spiders
  A tengu conjurer (Depths:1)
  8 hornets
  2 polar bears
  5 snapping turtles
  6 wind drakes
  Grinder (D:5)
  11 blink frogs
  9 dream sheep
  26 slime creatures
  6 hippogriffs
  A snapping turtle (shapeshifter) (D:12)
  A spriggan (shapeshifter) (D:15)
  A shadow (D:12)
  40 tarantellas
  A spriggan (D:7)
  An air elemental (Elf:2)
  A centaur simulacrum (D:15)
  A vampire (D:14)
  3 wraiths
  68 redbacks
  A tarantella (shapeshifter) (Depths:1)
  5 wyverns
  2 hogs (D:12)
  A human (D:12)
  A ynoxinul (WizLab)
  24 yaks
  Grum (D:8)
  15 water elementals
  2 fire elementals (Elf:1)
  A steam dragon (Lair:6)
  Eustachio (D:4)
  10 basilisks
  3 hungry ghosts
  7 wargs
  Menkaure (D:4)
  A yaktaur simulacrum (Vaults:1)
  Edmund (D:5)
  2 iron troll simulacra (IceCv)
  2 acid dragons
  19 water moccasins
  5 porcupines
  3 hell hounds (Lair:6)
  5 hydra simulacra (IceCv)
  55 orc warriors
  A meliai simulacrum (D:14)
  4 ice beasts
  An ettin simulacrum (IceCv)
  5 phantoms
  3 sky beasts
  A slave (D:4)
  37 ogres
  An eye of draining (D:12)
  9 wolves
  14 boggarts
  25 centaurs
  The ghost of Ammid the Firebug, an amateur DsFE (D:3)
  16 crocodiles
  6 big kobolds
  17 bullfrogs
  2 wyvern zombies
  2 earth elementals
  A gnoll sergeant (D:11)
  An ogre simulacrum (Vaults:1)
  2 wyvern skeletons
  4 scorpions
  14 wights
  An electric eel (Lair:1)
  2 howler monkeys
  7 crimson imps
  5 centaur zombies
  5 lava snakes (Lair:6)
  4 bullfrog zombies
  2 quasits
  20 orc priests
  2 hounds
  7 jellies
  37 orc wizards
  5 bullfrog skeletons
  2 gnoll shamans
  Crazy Yiuf (D:4)
  An iguana (D:10)
  Natasha (thrice) (D:2)
  14 worker ants
  2 big kobold zombies (Ossuary)
  A hound skeleton (D:10)
  6 mummies (Ossuary)
  Robin (D:2)
  A worker ant zombie (D:11)
  20 gnolls
  20 adders
  5 shadow imps
  A white imp (D:3)
  A howler monkey simulacrum (D:3)
  2 worker ant simulacra (D:3)
  An adder skeleton (D:4)
  2 worms
  A dart slug (D:2)
  9 leopard geckos
  128 orcs
  2 ball pythons
  3 giant cockroaches
  18 goblins
  6 hobgoblins
  2 jackals (D:4)
  28 kobolds
  7 quokkas
  7 bats
  5 frilled lizards
  2 hobgoblin zombies (Ossuary)
  A leopard gecko simulacrum (D:3)
  A leopard gecko zombie (D:5)
  A quokka simulacrum (D:3)
  2 quokka skeletons
  8 rats
  2 bushes (D:12)
  3 fungi
  5 plants
  6 tentacles
1731 creatures vanquished.

Vanquished Creatures (collateral kills)
  A molten gargoyle (Lair:6)
1 creature vanquished.

Vanquished Creatures (others)
  A deep elf master archer (Elf:3)
  2 stone giants
  2 yaktaur captains
  3 centaur warriors
  An unseen horror (D:13)
  4 deep elf archers
  A wolf spider (Spider:1)
  2 cyclopes (Vaults:2)
  A manticore (D:15)
  6 yaktaurs
  A merfolk (Shoals:4)
  Prince Ribbit (D:5)
  A slime creature (D:12)
  A tarantella (Spider:4)
  A redback (Spider:1)
  A human (D:12)
  A slave (D:5)
  10 centaurs
  An orc (Vaults:1)
  4 fungi
  9 plants
  9 tentacles
63 creatures vanquished.

Grand Total: 1795 creatures vanquished

Notes
Turn   | Place    | Note
-------+----------+-------------------------------------------
     0 | D:1      | CyclopB the Formicid Fighter began the quest for the Orb.
     0 | D:1      | Reached XP level 1. HP: 18/18 MP: 1/1
   246 | D:1      | Reached XP level 2. HP: 22/24 MP: 2/2
   910 | D:2      | Reached XP level 3. HP: 19/29 MP: 3/3
  1118 | D:2      | Reached skill level 3 in Axes
  1393 | D:1      | Reached XP level 4. HP: 34/35 MP: 4/4
  1843 | D:2      | Noticed Robin
  2076 | D:3      | Found a bloodstained altar of Trog.
  2100 | D:3      | Found a runed gate.
  2103 | D:3      | Found a runed gate.
  2104 | D:3      | Found a runed gate.
  2130 | D:3      | Reached skill level 5 in Shields
  2130 | D:3      | Reached XP level 5. HP: 41/41 MP: 5/5
  2307 | D:3      | Reached skill level 4 in Axes
  2408 | D:3      | Noticed Ammid's ghost (amateur DsFE)
  2547 | D:3      | Found a stormy altar of Qazlal.
  2941 | D:3      | Found an ornate altar of the Wu Jian Council.
  3051 | D:3      | Became a worshipper of Qazlal Stormbringer
  3109 | D:4      | Noticed an ogre
  3116 | D:4      | Found a runed door.
  3118 | D:4      | Noticed a bullfrog
  3120 | D:4      | Noticed dragonknight44's ghost (novice GrFi)
  3200 | D:4      | Reached XP level 6. HP: 39/47 MP: 4/6
  3293 | D:4      | Noticed Eustachio
  3525 | D:4      | Noticed an ogre
  3688 | D:4      | Killed Eustachio
  3688 | D:4      | Reached skill level 5 in Axes
  3688 | D:4      | Reached XP level 7. HP: 18/52 MP: 3/7
  4155 | D:4      | Found a runed door.
  4158 | D:4      | Noticed Menkaure
  4178 | D:4      | Killed Menkaure
  4178 | D:4      | Reached skill level 6 in Axes
  4196 | D:4      | Reached XP level 8. HP: 50/58 MP: 6/8
  4394 | D:4      | Found a faded altar of an unknown god.
  4394 | D:4      | Found a faded altar of an unknown god.
  4408 | D:4      | Found a basalt altar of Yredelemnul.
  4410 | D:4      | Found a deep blue altar of Sif Muna.
  4412 | D:4      | Found a hide-covered altar of Uskayaw.
  4635 | D:4      | Found a runed door.
  4640 | D:4      | Noticed Crazy Yiuf
  4649 | D:4      | Killed Crazy Yiuf
  4721 | D:4      | Found an iron altar of Okawaru.
  4733 | D:5      | Entered Level 5 of the Dungeon
  5058 | D:5      | Reached * piety under Qazlal
  5076 | D:5      | Found a staircase to the Ecumenical Temple.
  5085 | Temple   | Entered the Ecumenical Temple
  5980 | D:5      | Noticed Grinder
  6205 | D:5      | Killed Grinder
  6205 | D:5      | Reached skill level 7 in Axes
  6205 | D:5      | Reached XP level 9. HP: 46/64 MP: 8/12
  6207 | D:5      | Noticed Pikel
  6288 | D:5      | Killed Pikel
  6288 | D:5      | Reached skill level 8 in Axes
  6518 | D:5      | Reached skill level 9 in Axes
  6519 | D:5      | Noticed Edmund
  6519 | D:5      | Noticed Prince Ribbit
  6533 | D:5      | Killed Prince Ribbit
  6535 | D:5      | Killed Edmund
  7199 | D:6      | Found a sacrificial altar of Ru.
  7207 | D:6      | Reached skill level 10 in Axes
  7295 | D:6      | Reached XP level 10. HP: 67/70 MP: 13/13
  7331 | D:6      | Reached ** piety under Qazlal
  7997 | D:2      | Killed Robin
  8093 | D:2      | Noticed Natasha
  8103 | D:2      | Killed Natasha
  8114 | D:2      | Noticed Natasha
  8121 | D:2      | Killed Natasha
  8166 | D:2      | Noticed Natasha
  8174 | D:2      | Killed Natasha
  8224 | D:3      | Killed Ammid's ghost
  8406 | D:7      | Found a shadowy altar of Dithmenos.
  8426 | D:7      | Reached skill level 11 in Axes
  8497 | D:7      | Reached *** piety under Qazlal
  8747 | D:7      | Found a sand-covered staircase.
  8752 | Ossuary  | Entered an ossuary
  9550 | D:8      | Reached skill level 12 in Axes
  9971 | D:8      | Reached **** piety under Qazlal
  9972 | D:8      | Found a staircase to the Lair.
 10021 | D:8      | Noticed Erica
 10034 | D:8      | Killed Erica
 10034 | D:8      | Reached skill level 13 in Axes
 10034 | D:8      | Reached XP level 11. HP: 63/75 MP: 9/14
 10051 | D:8      | Noticed Grum
 10062 | D:8      | Killed Grum
 10063 | D:8      | Noticed a two-headed ogre
 10081 | D:8      | Killed a two-headed ogre
 10081 | D:8      | Reached skill level 14 in Axes
 10362 | D:8      | Found a hazy altar of Hepliaklqana.
 10371 | D:8      | Found a glowing golden altar of the Shining One.
 10375 | D:8      | Found a glowing silver altar of Zin.
 10485 | D:8      | Found a sparkling altar of Nemelex Xobeh.
 10942 | D:9      | Reached skill level 5 in Invocations
 10964 | D:9      | Found a stormy altar of Qazlal.
 11075 | D:9      | Noticed a two-headed ogre
 11087 | D:9      | Killed a two-headed ogre
 11358 | D:10     | Entered Level 10 of the Dungeon
 11358 | D:10     | Noticed Psyche
 11358 | D:10     | Noticed a centaur warrior
 11453 | D:10     | Killed Psyche
 11454 | D:10     | Killed a centaur warrior
 11505 | D:10     | Reached skill level 15 in Axes
 11600 | D:10     | Noticed a centaur warrior
 11613 | D:10     | Killed a centaur warrior
 11613 | D:10     | Reached XP level 12. HP: 72/81 MP: 5/16
 11917 | D:10     | Noticed an unseen horror
 11929 | D:10     | Killed an unseen horror
 12338 | Lair:1   | Entered Level 1 of the Lair of Beasts
 12372 | Lair:1   | Reached ***** piety under Qazlal
 12389 | Lair:1   | Reached skill level 16 in Axes
 12416 | Lair:1   | Found a shattered altar of Ashenzari.
 12596 | Lair:1   | Noticed a four-headed hydra
 12658 | Lair:1   | Killed a four-headed hydra
 12939 | Lair:1   | Reached skill level 1 in Throwing
 13370 | Lair:2   | Reached skill level 5 in Fighting
 13940 | Lair:2   | Got a polished leather armour
 14492 | Lair:3   | Reached skill level 5 in Armour
 14492 | Lair:3   | Reached XP level 13. HP: 91/91 MP: 19/19
 14505 | Lair:3   | Reached skill level 1 in Evocations
 14531 | Lair:3   | Reached skill level 1 in Dodging
 14559 | Lair:2   | Identified the cursed +0 leather armour "Zyustryo" {rC+++ MR+ Regen+ Str-4} (You found it on level 2 of the Lair of Beasts)
 14683 | Lair:3   | Noticed Sonja
 14686 | Lair:3   | Found a staircase to the Shoals.
 14989 | Lair:3   | Noticed Urug
 15019 | Lair:3   | Killed Urug
 15354 | Lair:3   | Killed Sonja
 15400 | Lair:3   | Got a distressingly furry chain mail
 15418 | Lair:3   | Identified the +5 chain mail "Viuremel" {rPois rC+ rN+ MR-} (You found it on level 3 of the Lair of Beasts)
 16294 | Lair:4   | Gained mutation: You are dopey. (Int -2) [potion of mutation]
 16294 | Lair:4   | Gained mutation: You are surrounded by a mild repulsion field. (EV +2) [potion of mutation]
 16591 | Lair:4   | Noticed Rupert
 16659 | Lair:4   | Killed Rupert
 16659 | Lair:4   | Reached skill level 5 in Dodging
 17383 | Lair:4   | Found a hole to the Spider Nest.
 17854 | Lair:5   | Noticed a four-headed hydra
 17875 | Lair:5   | Killed a four-headed hydra
 18241 | Lair:5   | Reached XP level 14. HP: 86/98 MP: 18/20
 18700 | Lair:5   | Found a viscous altar of Jiyva.
 18700 | Lair:5   | Found a staircase to the Slime Pits.
 18862 | Lair:6   | Entered Level 6 of the Lair of Beasts
 20246 | Lair:6   | Found a large runed door.
 20246 | Lair:6   | Found a large runed door.
 20875 | Lair:6   | Reached skill level 10 in Armour
 21165 | Spider:1 | Entered Level 1 of the Spider Nest
 22055 | D:12     | Identified 2 scrolls of acquirement
 22065 | D:12     | Noticed Nergalle
 22081 | D:11     | Killed Nergalle
 22152 | D:12     | Noticed Kirke
 22262 | D:12     | Reached skill level 10 in Dodging
 22405 | Shoals:1 | Entered Level 1 of the Shoals
 22490 | Lair:4   | Got a pair of heavily runed gloves
 22501 | Lair:4   | Identified the +2 pair of gloves of Jout {rF- MR+ Int+3 Stlth+} (You acquired it on level 4 of the Lair of Beasts)
 22523 | Spider:1 | Reached XP level 15. HP: 90/103 MP: 18/21
 23489 | Spider:1 | Reached ****** piety under Qazlal
 24762 | Shoals:2 | Noticed Ilsuiw
 24803 | Shoals:2 | Reached XP level 16. HP: 54/109 MP: 8/22
 24834 | Shoals:2 | Killed Ilsuiw
 24834 | Shoals:2 | Reached skill level 1 in Slings
 25083 | Shoals:2 | Found a frozen archway.
 25137 | IceCv    | Entered an ice cave
 25303 | IceCv    | Noticed an Ice Fiend
 25339 | IceCv    | Killed an Ice Fiend
 25518 | IceCv    | Reached skill level 10 in Invocations
 25975 | Shoals:2 | Noticed Louise
 26008 | Shoals:2 | Killed Louise
 26754 | Spider:1 | Reached skill level 10 in Shields
 27388 | D:12     | Killed Kirke
 27845 | D:12     | Found a staircase to the Orcish Mines.
 27884 | D:12     | Found a blossoming altar of Fedhas.
 28153 | D:13     | Noticed Frances
 28419 | Orc:1    | Entered Level 1 of the Orcish Mines
 28904 | Orc:2    | Entered Level 2 of the Orcish Mines
 29152 | Orc:2    | Found a roughly hewn altar of Beogh.
 29200 | Orc:2    | Reached XP level 17. HP: 115/115 MP: 25/25
 29522 | Orc:2    | Found a roughly hewn altar of Beogh.
 29551 | Orc:2    | Found a staircase to the Elven Halls.
 29655 | Orc:2    | Found Fihus's Antique Armour Emporium.
 29661 | Orc:2    | Found a roughly hewn altar of Beogh.
 29664 | Orc:2    | Found Erogoc's Antique Weapon Shoppe.
 29833 | Orc:2    | Found a roughly hewn altar of Beogh.
 29997 | Orc:2    | Found a roughly hewn altar of Beogh.
 30061 | Orc:2    | Found a roughly hewn altar of Beogh.
 30076 | Orc:2    | Found Zet Vim's Jewellery Boutique.
 30112 | Orc:2    | Found Coavis's Gadget Boutique.
 30225 | Orc:2    | Bought the ring "Inuriox" {*Drain rF+++ rC+++ MR- Dex+2} for 1045 gold pieces
 30225 | Orc:2    | Bought the ring of the Mage {Wiz MR++ Int+3} for 723 gold pieces
 30225 | Orc:2    | Found the ring of the Mage {Wiz MR++ Int+3}
 30289 | Elf:1    | Entered Level 1 of the Elven Halls
 30796 | Elf:1    | Reached skill level 15 in Shields
 30952 | Elf:1    | Found Fyxou's Jewellery Shoppe.
 30952 | Elf:1    | Found Taighac's Gadget Shop.
 30953 | Elf:1    | Found Buidiuvi's Jewellery Shoppe.
 32069 | Elf:2    | Reached skill level 17 in Axes
 32272 | Elf:2    | Got a steaming short sword
 32273 | Elf:2    | Identified the +5 short sword of Gedadghu {pain, +Inv MR++} (You found it on level 2 of the Elven Halls)
 32851 | D:14     | Reached XP level 18. HP: 127/127 MP: 26/26
 33793 | D:15     | Entered Level 15 of the Dungeon
 33822 | D:15     | Reached skill level 18 in Axes
 33965 | D:15     | Found the ring of Shadows {Umbra +Inv Stlth+}
 34208 | D:15     | Found a staircase to the Depths.
 34648 | D:15     | Noticed Roxanne
 34900 | D:13     | Found a gate to the Vaults.
 35040 | D:13     | Killed Frances
 35565 | Spider:2 | Reached skill level 19 in Axes
 35727 | Spider:2 | Reached skill level 20 in Axes
 36076 | Spider:2 | Found a runed door.
 36808 | Spider:3 | Reached XP level 19. HP: 91/136 MP: 0/27
 37762 | Spider:4 | Entered Level 4 of the Spider Nest
 37773 | Spider:4 | Reached skill level 15 in Armour
 38041 | Spider:4 | Reached skill level 5 in Throwing
 38454 | Spider:4 | Noticed Arachne
 38484 | Spider:4 | Killed Arachne
 39305 | Spider:4 | Reached XP level 20. HP: 144/144 MP: 28/30
 39523 | Spider:4 | Got a gossamer rune of Zot
 40402 | Shoals:3 | Got a faintly glowing leather armour
 40429 | Shoals:2 | Identified the +1 leather armour of Anaesthesia {-Cast rC+ Int+7} (You found it on level 3 of the Shoals)
 40648 | Shoals:4 | Entered Level 4 of the Shoals
 40736 | Shoals:4 | Reached skill level 15 in Invocations
 41352 | Shoals:4 | Got a barnacled rune of Zot
 41977 | Vaults:1 | Entered Level 1 of the Vaults
 42062 | Vaults:1 | Reached skill level 15 in Dodging
 42126 | Vaults:1 | Reached XP level 21. HP: 150/150 MP: 32/32
 42297 | Vaults:1 | Noticed a lich
 42495 | Vaults:1 | Killed a lich
 42799 | Vaults:1 | Found Zapo's General Store.
 43221 | Vaults:1 | Reached skill level 10 in Fighting
 44203 | Vaults:2 | Found a staircase to the Crypt.
 44458 | Vaults:2 | Reached XP level 22. HP: 165/165 MP: 34/34
 44600 | Vaults:2 | Found a radiant altar of Vehumet.
 44880 | Vaults:3 | Noticed Mara
 44889 | Vaults:3 | Noticed CyclopB's illusion
 45100 | Vaults:3 | Got a translucent flail
 45433 | Vaults:3 | Noticed CyclopB's illusion
 45469 | Vaults:2 | Identified the cursed +3 flail of the New World {crush, Dex+3} (You found it on level 3 of the Vaults)
 45804 | Elf:2    | Found a runed gate.
 45804 | Elf:2    | Found a runed gate.
 45804 | Elf:2    | Found a runed gate.
 46412 | Elf:3    | Entered Level 3 of the Elven Halls
 46605 | Elf:3    | Found Dihete Mecue's General Store.
 46618 | Elf:3    | Reached XP level 23. HP: 164/173 MP: 36/36
 46627 | Elf:3    | Found Cuneaj's Antique Armour Shop.
 46678 | Elf:3    | Found a flickering gateway to a bazaar.
 46688 | Bazaar   | Entered a bazaar
 46701 | Bazaar   | Found Ciwetorgh's Magic Scroll Emporium.
 46724 | Bazaar   | Found Xismeut's General Store.
 46730 | Bazaar   | Found Vyxi's Assorted Antiques.
 46739 | Bazaar   | Found Luosaefe's Distillery.
 46743 | Bazaar   | Bought 2 potions of cancellation for 208 gold pieces
 46756 | Bazaar   | Bought a +0 cloak of poison resistance for 119 gold pieces
 46784 | Bazaar   | Bought a scroll of magic mapping for 31 gold pieces
 46784 | Bazaar   | Bought a scroll of magic mapping for 31 gold pieces
 47310 | Elf:3    | Identified the Guide on Freezing Stones
 47368 | Elf:3    | Identified the Collected Works on Dislocation
 47650 | Elf:3    | Found an ancient bone altar of Kikubaaqudgha.
 48045 | Elf:3    | Bought 3 steel tomahawks for 72 gold pieces
 48277 | Depths:1 | Entered Level 1 of the Depths
 48329 | Depths:1 | Found Ruosuogo's Book Emporium.
 48344 | Depths:1 | Found Qemaicun's Magic Scroll Emporium.
 48372 | Depths:1 | Found Cousigoe's Antique Weapon Emporium.
 48374 | Depths:1 | Found Plog's Food Emporium.
 48654 | Depths:1 | Found a sparkling altar of Nemelex Xobeh.
 48721 | Depths:1 | Found a magical portal.
 48726 | WizLab   | Entered Doroklohe's Tomb
 48962 | WizLab   | HP: 5/178 [Hell Sentinel/damnation (52)]
 48962 | WizLab   | Killed from afar by a balrug

Skill      XL: |  1  2  3  4  5  6  7  8  9 10 11 12 13 14 15 16 17 18 19 20 21 22 23 |
---------------+----------------------------------------------------------------------+-----
Shields        | 4 5 6 8 9 12 15 16 | 16.8
Axes           | 3 4 5 6 7 10 13 15 16 17 20 | 20.3
Invocations    | 4 6 8 11 13 15 16 18 19 | 19.2
Fighting       | 5 7 8 9 12 14 | 14.0
Throwing       | 4 8 9 |  9.9
Armour         | 5 8 10 13 14 15 17 | 17.0
Evocations     | 2 4 |  4.0
Dodging        | 6 10 11 12 15 16 | 16.0
Slings         | 1 |  1.0

Action                   |  1- 3 |  4- 6 |  7- 9 | 10-12 | 13-15 | 16-18 | 19-21 | 22-24 || total
-------------------------+-------+-------+-------+-------+-------+-------+-------+-------++-------
Melee: War axe           |    63 |   189 |   281 |   713 |   872 |  1251 |       |       ||  3369
       Whip              |       |       |       |     9 |    28 |       |       |       ||    37
       Battleaxe         |       |       |       |       |    62 |   355 |  1215 |   771 ||  2403
       Morningstar       |       |       |       |       |       |    11 |       |       ||    11
 Fire: Hunting sling     |       |       |       |       |     4 |       |       |       ||     4
Throw: Stone             |     2 |    14 |    38 |    85 |   127 |   111 |     1 |       ||   378
       Tomahawk          |       |     2 |     3 |     2 |    24 |    41 |   133 |    76 ||   281
       Javelin           |       |       |       |       |     3 |     2 |     2 |     4 ||    11
Invok: Upheaval          |       |       |       |     2 |     4 |    11 |    12 |    12 ||    41
       Elemental Force   |       |       |       |       |     2 |       |       |       ||     2
       Disaster Area     |       |       |       |       |       |       |     1 |       ||     1
 Abil: Dig               |       |     3 |     3 |       |     1 |     4 |       |     3 ||    14
Evoke: Wand              |       |       |       |     3 |     5 |     6 |     1 |     1 ||    16
       Lamp of fire      |       |       |       |       |       |     1 |     2 |     1 ||     4
       Box of beasts     |       |       |       |       |       |       |     1 |       ||     1
  Use: Scroll            |       |     4 |     1 |    13 |    11 |    11 |     3 |     4 ||    47
       Potion            |       |     2 |     2 |     2 |    17 |     7 |    14 |     1 ||    45
 Stab: Held in net/web   |       |       |       |       |       |       |     1 |       ||     1
       Distracted        |       |       |       |       |       |       |       |     1 ||     1
       Confused          |       |       |       |       |       |       |       |     1 ||     1
  Eat: Chunk             |     1 |     8 |    12 |    25 |    24 |    37 |    22 |    12 ||   141
       Ration            |       |       |       |       |     3 |     1 |     1 |     1 ||     6
Armor: Scale mail        |    17 |    99 |    82 |    15 |       |       |       |       ||   213
       Chain mail        |       |       |       |   138 |   209 |   250 |   202 |    74 ||   873
       Skin              |       |       |       |       |     8 |    13 |     1 |       ||    22
Dodge: Dodged            |    25 |    66 |    80 |    95 |   286 |   383 |   315 |   185 ||  1435
       Deflected         |       |       |       |     2 |    14 |    29 |    16 |    20 ||    81
Block: Shield            |    24 |   142 |   182 |   420 |   752 |   633 |       |       ||  2153
       Large shield      |       |       |       |       |       |   853 |  1636 |   735 ||  3224
       Reflection        |       |       |       |       |       |    89 |   112 |    72 ||   273
